 Dungeon Crawl Stone Soup version 0.30-a0-359-gd0147acb1a (webtiles) character file.

Game seed: 3119993751399436933

5449 ders the Fighter (level 10, -3/95 HPs)
             Began as a Minotaur Fighter on Nov 12, 2022.
             Was a Follower of Okawaru.
             Slain by an orc warrior
             ... wielding a +0 trident
              (15 damage)
             ... in a bailey.
             The game lasted 00:14:21 (9560 turns).

ders the Fighter (Minotaur Fighter)                 Turns: 9560, Time: 00:14:22

Health: -3/95      AC:  9    Str: 24    XL:     10   Next: 41%
Magic:  9/9        EV: 10    Int:  5    God:    Okawaru [*.....]
Gold:   589        SH:  7    Dex: 19    Spells: 9/9 levels left

rFire   + . .      SeeInvis .    a - +1 war axe
rCold   x . .      Faith    .    c - +0 buckler
rNeg    . . .      Spirit   .    d - +0 ring mail of Durphe Gevo {Dex+8}
rPois   .          Reflect  .    (helmet restricted)
rElec   .          Harm     .    (no cloak)
rCorr   .          Rampage  .    E - +0 pair of gloves
Will    .....                    C - +0 pair of boots
Stlth   +.........               (no amulet)
HPRegen 0.35/turn                h - ring of fire
MPRegen 0.11/turn                (no ring)

@: no status effects
A: horns 2, retaliatory headbutt
a: Renounce Religion, Heroism


You were in a bailey.
You worshipped Okawaru.
Okawaru was aware of your devotion.
You visited 2 branches of the dungeon, and saw 10 of its levels.
You also visited: Sewer and Bailey.

You collected 589 gold pieces.

Inventory:

Hand Weapons
 a - a +1 war axe (weapon)
Missiles
 k - 2 throwing nets (quivered)
Armour
 b - a +0 scale mail
 c - a +0 buckler (worn)
 d - the +0 ring mail of Durphe Gevo (worn) {Dex+8}
   (You found it on level 3 of the Dungeon)

   Dex:       It affects your dexterity (+8).
 C - a +0 pair of boots (worn)
 E - a +0 pair of gloves (worn)
Jewellery
 h - a ring of fire (left hand)
 v - a +4 ring of protection
 B - an amulet of faith
Wands
 w - a wand of flame (9)
 y - a wand of quicksilver (3)
 A - a wand of charming (10)
 D - a wand of mindburst (4)
Scrolls
 j - a scroll of enchant weapon
 n - 3 scrolls of amnesia
 p - a scroll of silence
 q - a scroll of teleportation
 x - a scroll of blinking
Potions
 e - 4 potions of attraction
 f - a potion of cancellation {unknown}
 i - a potion of magic {unknown}
 l - 2 potions of mutation
 m - 2 potions of curing
 o - 2 potions of brilliance
 s - 4 potions of resistance
 t - a potion of might
 u - a potion of degeneration {unknown}
 z - 2 potions of flight {unknown}


   Skills:
 * Level 11.0 Fighting
 * Level 10.6 Axes
 + Level 8.3 Armour
 + Level 8.2 Shields
 + Level 3.4 Evocations


You had 9 spell levels left.
You didn't know any spells.
Your spell library contained the following spells:

 Spells                   Type           Power      Damage    Failure   Level
 Portal Projectile        Hex/Tloc       0%         N/A       96%         3
 Passage of Golubria      Tloc           0%         N/A       100%        4
 Blade Hands              Tmut           0%         N/A       100%        5
 Yara's Violent Unravell  Hex/Tmut       0%         3d3       100%        5
 Tukima's Dance           Hex            Unusable   N/A       N/A         3

Dungeon Overview and Level Annotations

Branches:
Dungeon (9/15)             Temple (1/1) D:4            Lair (0/5) D:8
  Sewer (visited)          Bailey (1/1)
    Orc: D:9-12

Altars:
Ashenzari
Cheibriados
Dithmenos
Elyvilon
Fedhas
Gozag
Hepliaklqana
Kikubaaqudgha
Makhleb
Nemelex Xobeh
Okawaru
Qazlal
Ru
Sif Muna
Trog
Uskayaw
Vehumet
Wu Jian
Yredelemnul
The Shining One

Annotations:
D:9 1 transporter


Innate Abilities, Weirdness & Mutations

You have a pair of horns on your head.
You reflexively headbutt those who attack you in melee.


Message History

The centaur completely misses you. You furiously retaliate!
You headbutt the centaur! The centaur closely misses you.
You hit the centaur. Your headbutt misses the centaur.
The centaur is heavily wounded.
You block the centaur's attack. x2
An orc warrior comes into view. It is wielding a +0 trident.
The centaur hits you with a +0 halberd!
* * * LOW HITPOINT WARNING * * *
The centaur kicks you but does no damage.
The orc warrior shouts!
You hit the centaur.
The centaur is severely wounded.
The centaur barely misses you.
The centaur kicks you but does no damage.
You barely miss the centaur.
You headbutt the centaur, but do no damage.
The centaur is severely wounded.
The centaur hits you with a +0 halberd.
* * * LOW HITPOINT WARNING * * *
The centaur kicks you but does no damage.
You block the centaur's attack.
The centaur kicks you but does no damage.
You feel better. The centaur closely misses you. You furiously retaliate!
You headbutt the centaur!
You kill the centaur!
Okawaru accepts your kill.
You feel better.
Things that are here:
a +0 halberd; 2 javelins; a +0 chain mail The orc warrior hits you with a +0 trident.
* * * LOW HITPOINT WARNING * * *
You closely miss the orc warrior. The orc warrior closely misses you.
You hit the orc warrior but do no damage.
Your headbutt misses the orc warrior.
The orc warrior hits you with a +0 trident!
* * * LOW HITPOINT WARNING * * *
You slash the orc warrior! Your headbutt misses the orc warrior.
The orc warrior is moderately wounded.
The orc warrior hits you with a +0 trident!
You die...

.≈≈≈≈≈≈≈≈## ≈.c≈≈≈
≈..≈≈≈≈≈≈≈# .≈≈≈..
≈≈≈..≈≈≈≈≈# ≈≈.....
...≈≈≈.≈≈≈≈#
.............≈.≈≈≈≈#
.⌠.........⌠.≈≈.≈≈≈#
..............≈o≈≈≈#
...≈≈≈≈≈≈≈....≈≈@≈≈#
.≈≈≈~~~~~≈≈≈...≈)≈≈#
≈≈≈)≈≈≈≈≈~~≈≈..≈.≈≈#
≈≈≈~~?[)≈≈≈~~....≈≈#
≈≈≈~≈≈≈≈≈~~≈≈).≈.≈≈#
.≈≈≈~~~~~≈≈≈...≈)≈≈#
...≈≈≈≈≈≈≈....≈≈)≈≈#
..........)...≈.≈≈≈#
.⌠.........).≈≈.≈≈≈#


You could see an orc warrior.

Vanquished Creatures
  An ugly thing (D:9)
  A yak (D:8)
  2 humans (D:9)
  4 water moccasins
  2 ice beasts
  8 orc warriors (Bailey)
  3 black bears
  An ogre (D:5)
  11 centaurs
  2 phantoms
  5 bullfrogs
  3 necrophages
  4 scorpions
  6 wights (D:8)
  4 killer bees (D:7)
  A howler monkey (D:6)
  3 hounds
  3 jellies
  2 orc priests (D:8)
  Jessica (D:2)
  3 iguanas
  4 orc wizards
  A hell rat (Sewer)
  5 adders
  A river rat (Sewer)
  An ufetubus (D:5)
  2 worms
  2 dart slugs
  29 orcs
  9 ball pythons
  5 bats
  9 endoplasms
  4 giant cockroaches
  5 hobgoblins
  8 jackals
  9 kobolds
  4 quokkas
  4 frilled lizards (D:1)
  12 goblins
  14 rats
198 creatures vanquished.

Vanquished Creatures (others)
  42 fungi (D:8)
  64 plants (D:8)
106 creatures vanquished.

Grand Total: 304 creatures vanquished

Notes
Turn   | Place    | Note
-------+----------+-------------------------------------------
     0 | D:1      | ders the Minotaur Fighter began the quest for the Orb.
     0 | D:1      | Reached XP level 1. HP: 19/19 MP: 0/0
   106 | D:1      | Reached XP level 2. HP: 27/27 MP: 1/1
   197 | D:1      | Reached skill level 4 in Fighting
   357 | D:1      | Reached XP level 3. HP: 31/33 MP: 2/2
  1121 | D:2      | Noticed Jessica
  1141 | D:2      | Killed Jessica
  1142 | D:2      | Reached XP level 4. HP: 19/41 MP: 3/3
  1585 | D:3      | Identified the +0 ring mail of Durphe Gevo {Dex+8}
  1700 | D:3      | Found a glowing drain.
  1705 | Sewer    | Entered a sewer
  1749 | Sewer    | Reached XP level 5. HP: 41/47 MP: 4/4
  2026 | D:3      | Reached skill level 5 in Fighting
  2349 | D:4      | Found a white marble altar of Elyvilon.
  2411 | D:4      | Reached XP level 6. HP: 44/56 MP: 5/5
  2477 | D:4      | Found a radiant altar of Vehumet.
  2596 | D:4      | Reached skill level 5 in Axes
  2596 | D:4      | Reached skill level 5 in Armour
  2647 | D:4      | Reached skill level 6 in Fighting
  2647 | D:4      | Reached skill level 5 in Shields
  2903 | D:4      | Found a staircase to the Ecumenical Temple.
  3005 | Temple   | Entered the Ecumenical Temple
  3184 | D:4      | Reached XP level 7. HP: 64/64 MP: 6/6
  3356 | D:5      | Entered Level 5 of the Dungeon
  3557 | D:5      | Reached skill level 7 in Fighting
  4319 | D:5      | Reached XP level 8. HP: 69/73 MP: 7/7
  4409 | D:6      | Found a stormy altar of Qazlal.
  4592 | D:6      | Found a glowing golden altar of the Shining One.
  5486 | D:7      | Reached skill level 8 in Fighting
  5896 | D:7      | Found a hide-covered altar of Uskayaw.
  5905 | D:7      | Found a shimmering blue altar of Sif Muna.
  6449 | D:7      | Found a basalt altar of Yredelemnul.
  6498 | D:8      | Found a sacrificial altar of Ru.
  6603 | D:8      | Found a staircase to the Lair.
  6620 | D:8      | Reached skill level 9 in Fighting
  6620 | D:8      | Reached XP level 9. HP: 35/83 MP: 8/8
  6924 | D:8      | Found a broken altar of Ashenzari.
  6952 | D:8      | Reached skill level 1 in Evocations
  7414 | D:8      | Reached skill level 10 in Fighting
  7595 | D:8      | Found an opulent altar of Gozag.
  7839 | D:9      | Identified the +0 cloak of the Journeyman {rC++ rN+ Str+3
                  | Int+3}
  7848 | D:9      | Found an iron altar of Okawaru.
  7855 | D:9      | Became a worshipper of Warmaster Okawaru
  8071 | D:9      | Noticed a green ugly thing
  8079 | D:9      | Killed a green ugly thing
  8079 | D:9      | Reached * piety under Okawaru
  8080 | D:9      | Reached XP level 10. HP: 94/94 MP: 9/9
  8173 | D:9      | Noticed a manticore
  8177 | D:9      | Found a flagged portal.
  8179 | D:9      | Found a transporter.
  8189 | Bailey   | Entered a bailey
  8498 | Bailey   | Reached skill level 10 in Axes
  9521 | Bailey   | Reached skill level 11 in Fighting
  9551 | Bailey   | HP: 4/95 [centaur/+0 halberd (13)]
  9560 | Bailey   | Slain by an orc warrior

Illustrated notes

Levels and vault maps discovered:
D:1:      minmay_arrival_hallway, layout_basic, minmay_shallow_snake_nest
D:2:      layout_loops_ring, uniq_jessica
D:3:      layout_basic, portal_sewer_entry_e
D:4:      layout_cave_pools, fiery_altar_vehumet, elyvilon_altar_5,
          temple_pool_b
D:5:      layout_loops_corners, chequers_serial_rivers_small_3, glass_columns_a
D:6:      layout_loops_corners, mainiacjoe_overflow_boulevard,
          mainiacjoe_overflow_24_doors
D:7:      layout_loops_ring, lemuel_tele_altar, kennysheep_little_box,
          mainiacjoe_overflow_brackets, roderic_roman_lattice
D:8:      layout_loops_ring, cheibrodos_ashenzari_chains,
          nicolae_gozag_seed_capital, mainiacjoe_overflow_small_starburst,
          due_lair_maze_entry_diamond
D:9:      layout_basic, grunt_temple_overflow_order_and_chaos_1, okawaru_humans,
          enter_bailey_5, gammafunk_ghost_arena, serial_bayou_pond_b
Temple:   nicolae_temple_figure_zero
Bailey:   bailey_polearm_flooded_kennysheep, bailey

Skill      XL: |  1  2  3  4  5  6  7  8  9 10 |
---------------+-------------------------------+-----
Fighting       | 4 5 6 7 9 10 11 | 11.0
Armour         | 4 5 6 7 8 |  8.3
Shields        | 4 5 6 7 8 |  8.2
Axes           | 3 4 5 6 8 9 10 | 10.6
Evocations     | 2 3 |  3.4

Action                   |  1- 3 |  4- 6 |  7- 9 | 10-12 || total
-------------------------+-------+-------+-------+-------++-------
Melee: War axe           |   100 |    90 |   209 |    89 ||   488
       Headbutt          |    13 |    13 |    48 |    18 ||    92
Throw: Throwing net      |       |       |       |     1 ||     1
Invok: Heroism           |       |       |       |     1 ||     1
Evoke: Wand              |       |       |       |    15 ||    15
  Use: Potion            |     1 |       |     1 |     3 ||     5
       Scroll            |       |     5 |    11 |     2 ||    18
Armor: Scale mail        |    43 |    39 |    16 |       ||    98
       Ring mail         |       |       |    49 |    57 ||   106
Dodge: Dodged            |    58 |    41 |   100 |   116 ||   315
Block: Buckler           |    22 |    19 |    85 |    74 ||   200

Table legend: (Time is in decaauts)
 A = Elapsed time spent in this place.
 B = Non-inter-level travel time spent in this place.
 C = Inter-level travel time spent in this place.
 D = Time resting spent in this place.
 E = Time spent auto-exploring this place.
 F = Levels seen in this place.
 G = Mean time per level.
                   A        B        C        D        E       F      G
               +--------+--------+--------+--------+--------+-----+--------+
         Total |   9697 |   9279 |    418 |   2121 |   5582 |  12 |  808.1 |
       Dungeon |   8038 |   7630 |    408 |   1266 |   5320 |   9 |  893.1 |
        Temple |    127 |    117 |     10 |      0 |    112 |   1 |  127.0 |
         Sewer |    161 |    161 |      0 |      0 |     55 |   1 |  161.0 |
        Bailey |   1370 |   1370 |      0 |    855 |     94 |   1 | 1370.0 |
               +--------+--------+--------+--------+--------+-----+--------+

Top non-repeatable levels by time:
  Bailey: 1370 daAuts
     D:8: 1314 daAuts
     D:7: 1153 daAuts
     D:5: 1048 daAuts
     D:6: 964 daAuts
     D:4: 900 daAuts
     D:2: 856 daAuts
     D:1: 726 daAuts
     D:3: 677 daAuts
     D:9: 396 daAuts
   Sewer: 161 daAuts
  Temple: 127 daAuts
